 Dungeon Crawl Stone Soup version 0.23-a0-87-g5f73bc1 (webtiles) character file.

200 digijack the Shield-Bearer (level 5, -4/42 HPs)
             Began as a Demonspawn Fighter on Aug 15, 2018.
             Killed by divine providence
             ... invoked by an orc priest
              (13 damage)
             ... on level 3 of the Dungeon.
             The game lasted 00:16:03 (3012 turns).

digijack the Shield-Bearer (Demonspawn Fighter)     Turns: 3012, Time: 00:16:04

Health: -4/42      AC: 16    Str: 16    XL:     5   Next: 49%
Magic:  5/5        EV:  2    Int:  9    God:
Gold:   81         SH: 10    Dex: 14    Spells: 4/4 levels left

rFire    . . .     SeeInvis +   a - +0 long sword
rCold    . . .     Gourm    .   c - +1 shield
rNeg     . . .     Faith    .   n - +0 plate armour (curse)
rPois    .         Spirit   .   (helmet restricted)
rElec    .         Reflect  .   (no cloak)
rCorr    .         Harm     .   (no gloves)
MR       .....                  (no boots)
Stlth    ..........             (no amulet)
HPRegen  0.14/turn              l - ring of see invisible
MPRegen  0.09/turn              h - +5 ring of protection

@: no status effects
A: horns 2, demonic guardian 1, rot immunity
a: no special abilities


You were on level 3 of the Dungeon.
You were not hungry.

You visited 1 branch of the dungeon, and saw 3 of its levels.

You collected 81 gold pieces.

Inventory:

Hand Weapons
 a - a +0 long sword (weapon)
Missiles
 e - 73 stones (quivered)
Armour
 c - a +1 shield (worn)
 n - a cursed +0 plate armour (worn)
Jewellery
 h - a +5 ring of protection (right hand)
 l - a ring of see invisible (left hand)
Scrolls
 i - a scroll of amnesia
Potions
 d - a potion of might
 j - a potion of agility
 k - a potion of heal wounds
Comestibles
 f - 5 rations


   Skills:
 + Level 3.8 Fighting
 + Level 2.7 Long Blades
 + Level 3.4 Armour
 * Level 4.2 Shields


You had 4 spell levels left.
You didn't know any spells.
Your spell library was empty.

Dungeon Overview and Level Annotations

Branches:
Dungeon (3/15)

Altars:


Innate Abilities, Weirdness & Mutations

You have a pair of horns on your head.
A weak demonic guardian rushes to your aid.
You are immune to rotting.


Message History

Beogh smites you!
* * * LOW HITPOINT WARNING * * *
Your iron imp closely misses the orc priest.
Your plate armour prevents you from hitting the orc priest.
The orc hits your iron imp with a falchion.
The orc priest hits you but does no damage.
Your iron imp hits the orc priest.
You hit the orc priest but do no damage.
You headbutt the orc priest, but do no damage.
The orc priest is lightly wounded.
Your iron imp disappears in a puff of smoke!
You block the orc priest's attack.
You hit the orc priest but do no damage.
The orc priest is lightly wounded.
The orc hits you with a falchion.
* * * LOW HITPOINT WARNING * * *
You block the orc priest's attack. The orc hits you but does no damage.
The orc priest mumbles some strange prayers to Beogh against you.
Beogh smites you!
You die...

#.##...#.##..# #.#.#
#.....##.###.# #.#.# #..#####.#
#.# #####.#.# #.)#####.# #..
...^..#.## #..).....# #+##
#....... ##.########...##
#....... ####### #.#
##.....###....... #.....####.##
##.o§..<.##.......
#.#.#.#....[####@o)......#.......
.#.#...........5.........+.......
#.#.###.#..)####.........#.......
.#.#.##.##.## ##.......##.##..#.
#.#.###.#### ##.....###.##.##.
)#.#.##.# #...## #.##.##.
#)#.###.### ##### #+## #.......
.#.#......# #... ..#.# ####.###
#.#.###.#.###.####.#.#### #.#


You could see an orc priest, an orc and a friendly ufetubus.

Vanquished Creatures
  A sky beast (D:2)
  3 gnolls (D:2)
  2 adders (D:3)
  An ooze (D:2)
  A dart slug (D:2)
  2 leopard geckos
  9 orcs (D:3)
  7 hobgoblins
  3 jackals (D:2)
  9 kobolds
  3 quokkas
  A ball python (D:2)
  4 bats
  2 frilled lizards
  5 goblins
  5 rats (D:1)
58 creatures vanquished.

Vanquished Creatures (collateral kills)
  An orc priest (D:3)
  A worm (D:3)
  An orc (D:3)
  A hobgoblin (D:2)
4 creatures vanquished.

Grand Total: 62 creatures vanquished

Notes
Turn   | Place    | Note
-------+----------+-------------------------------------------
     0 | D:1      | digijack the Demonspawn Fighter began the quest for the Orb.
     0 | D:1      | Reached XP level 1. HP: 18/18 MP: 1/1
   195 | D:1      | Gained mutation: A weak demonic guardian rushes to your aid. [demonic ancestry]
   195 | D:1      | Reached XP level 2. HP: 23/24 MP: 2/2
   342 | D:1      | Reached skill level 3 in Shields
  1078 | D:2      | Gained mutation: You are immune to rotting. [demonic ancestry]
  1078 | D:2      | Reached XP level 3. HP: 24/29 MP: 3/3
  1893 | D:2      | Noticed a sky beast
  1933 | D:2      | Killed a sky beast
  1933 | D:2      | Gained mutation: You have a pair of small horns on your head. [demonic ancestry]
  1933 | D:2      | Reached XP level 4. HP: 16/36 MP: 4/4
  2274 | D:3      | Gained mutation: You have a pair of horns on your head. [demonic ancestry]
  2274 | D:3      | Reached XP level 5. HP: 38/41 MP: 5/5
  2340 | D:3      | Reached skill level 4 in Shields
  3012 | D:3      | Killed from afar by an orc priest

Vault maps used:
D:1:      minmay_arrival_shoal_huts
D:3:      minivault_23, corexii_shack

Skill      XL: |  1  2  3  4  5 |
---------------+----------------+-----
Long Blades    | 2 |  2.7
Shields        | 3 4 |  4.2
Armour         | 3 |  3.4
Fighting       | |  3.8

Action                   |  1- 3 |  4- 6 || total
-------------------------+-------+-------++-------
Melee: Long sword        |   115 |    78 ||   193
       Headbutt          |       |     9 ||     9
Throw: Stone             |     1 |       ||     1
  Use: Potion            |     6 |     5 ||    11
       Scroll            |     4 |     3 ||     7
  Eat: Chunk             |     3 |     4 ||     7
Armor: Scale mail        |    54 |    15 ||    69
       Plate armour      |       |    12 ||    12
Dodge: Dodged            |    30 |    16 ||    46
Block: Shield            |    43 |    34 ||    77
       Rpst.: Long sword |     8 |     3 ||    11

Table legend:
 A = Non-vault XP
 B = Vault XP
 C = Vault XP percentage of total XP
 D = Non-vault monster count
 E = Vault monster count
 F = Vault count percentage of total count
 G = Total turns spent on level
                 A         B        C        D         E       F
            +---------+---------+-------+---------+---------+-------
      Total |     286 |       1 |   0.3 |      61 |       1 |   1.6
            +---------+---------+-------+---------+---------+-------
        D:1 |      24 |       0 |   0.0 |      17 |       0 |   0.0
        D:2 |     166 |       0 |   0.0 |      20 |       0 |   0.0
        D:3 |      96 |       1 |   1.0 |      24 |       1 |   4.0
            +---------+---------+-------+---------+---------+-------
